 Dungeon Crawl Stone Soup version 0.23.0 (webtiles) character file.

Game seed: 10190497508383547127

25 redwoodhats the Grave Robber (level 2, -5/20 HPs)
             Began as a Demonspawn Necromancer on Feb 10, 2019.
             Slain by a worm (10 damage)
             ... on level 2 of the Dungeon.
             The game lasted 00:09:07 (1812 turns).

redwoodhats the Grave Robber (DsNe)                 Turns: 1812, Time: 00:09:08

Health: -5/20      AC:  1    Str:  8    XL:     2   Next: 86%
Magic:  2/5        EV: 12    Int: 16    God:
Gold:   59         SH:  0    Dex: 13    Spells: 3/5 levels left

rFire    . . .     SeeInvis .   (no weapon)
rCold    . . .     Gourm    .   (no shield)
rNeg     . . .     Faith    .   a - +0 robe
rPois    .         Spirit   .   (no helmet)
rElec    .         Reflect  .   (no cloak)
rCorr    .         Harm     .   (no gloves)
MR       .....                  (no boots)
Stlth    ++........             (no amulet)
HPRegen  0.06/turn              (no ring)
MPRegen  0.09/turn              (no ring)

@: no status effects
A: claws 1, deformed body, high mp 1, robust 1, MP-powered wands
a: no special abilities


You were on level 2 of the Dungeon.
You were not hungry.

You visited 1 branch of the dungeon, and saw 2 of its levels.

You collected 59 gold pieces.

Inventory:

Hand Weapons
 b - a +0 club
 f - a +0 hunting sling
Armour
 a - a +0 robe (worn)
Scrolls
 g - a scroll of remove curse
Potions
 c - a potion of lignification
 d - a potion of brilliance {unknown}
 l - a potion of curing


   Skills:
 + Level 0.2 Fighting
 + Level 1.8 Dodging
 + Level 2.0 Stealth
 + Level 2.4 Spellcasting
 + Level 4.9 Necromancy


You had 3 spell levels left.
You knew the following spells:

 Your Spells              Type           Power        Failure   Level  Hunger
a - Pain                  Necr           ###.         2%          1    #......
b - Animate Skeleton      Necr           N/A          2%          1    #......

Your spell library contained the following spells:

 Spells                   Type           Power        Failure   Level  Hunger
 Vampiric Draining        Necr           ###.......   8%          3    ###....
 Regeneration             Chrm/Necr      #.........   22%         3    ###....
 Animate Dead             Necr           N/A          26%         4    #####..


Dungeon Overview and Level Annotations

Branches:
Dungeon (2/15)

Altars:


Innate Abilities, Weirdness & Mutations

You have sharp fingernails.
Armour fits poorly on your strangely shaped body.
You have an increased reservoir of magic. (+10% MP)
You are robust. (+10% HP)
You expend magic power (3 MP) to strengthen your wands.


Message History

The worm is heavily wounded.
You scratch the worm.
The worm is severely wounded.
The worm completely misses you.
You scratch the worm but do no damage.
The worm is severely wounded.
The worm bites you.
* * * LOW HITPOINT WARNING * * *
You scratch the worm.
The worm is severely wounded.
You scratch the worm but do no damage.
The worm is severely wounded.
The worm misses you.
You scratch the worm.
The worm is severely wounded.
You scratch the worm but do no damage.
The worm is severely wounded.
The worm bites you!
Ouch! That really hurt!
You die...

#.(...
.......##
#.....
.......#
#.....
......#
##..##
...!.# #..#
....# ##..#
#...# ##...#
#.w.#
####...##
#.@##
#..>.#)#
#...#
#.####.#
###.# ##.#
#.#
#.#####..#
#.#
###.......##
#.#
#........##
##(###
####.....#
#.....
#...###
#..)..
#....#
..........


You could see a worm.

Vanquished Creatures
  A worm (D:2)
  A giant cockroach (D:1)
  2 hobgoblins
  2 jackals (D:1)
  A quokka (D:2)
  3 bats
  A frilled lizard (D:1)
  2 goblins (D:1)
  5 kobolds
  4 rats (D:1)
22 creatures vanquished.

Notes
Turn   | Place    | Note
-------+----------+-------------------------------------------
     0 | D:1      | redwoodhats the Demonspawn Necromancer began the quest for
                  | the Orb.
     0 | D:1      | Reached XP level 1. HP: 13/13 MP: 3/3
   212 | D:1      | Learned a level 1 spell: Animate Skeleton
   637 | D:1      | Gained mutation: You have sharp fingernails. [demonic
                  | ancestry]
   637 | D:1      | Reached XP level 2. HP: 19/19 MP: 3/5
  1236 | D:1      | Gained mutation: Armour fits poorly on your strangely
                  | shaped body. [potion of mutation]
  1236 | D:1      | Gained mutation: You expend magic power (3 MP) to
                  | strengthen your wands. [potion of mutation]
  1236 | D:1      | Gained mutation: You have an increased reservoir of magic.
                  | (+10% MP) [potion of mutation]
  1236 | D:1      | Gained mutation: You are robust. (+10% HP) [potion of
                  | mutation]
  1812 | D:2      | Slain by a worm

Skill      XL: |  1  2 |
---------------+-------+-----
Stealth        | 2 |  2.0
Fighting       | |  0.2
Dodging        | |  1.8
Spellcasting   | |  2.4
Necromancy     | |  4.9

Action                   || total
-------------------------++-------
Melee: Club              ||     8
       Unarmed           ||    48
 Cast: Pain              ||    35
       Animate Skeleton  ||     2
  Use: Scroll            ||     6
       Potion            ||     2
  Eat: Ration            ||     1
Armor: Robe              ||    11
Dodge: Dodged            ||    60
